 Dungeon Crawl Stone Soup version 0.31-a0-574-g69dc8cc98e (webtiles) character file.

Game seed: 6560195498019639288

65 thirtiethelement the Trooper (level 3, -6/29 HPs)
             Began as a Demonspawn Cinder Acolyte on Aug 19, 2023.
             Was a High Priest of Ignis.
             Killed by nerve-wracking pain
             ... invoked by Menkaure
              (14 damage)
             ... on level 4 of the Dungeon.
             The game lasted 00:04:25 (1726 turns).

thirtiethelement the Trooper (DsCA)                 Turns: 1726, Time: 00:04:26

Health: -6/29      AC:  3    Str: 14    XL:     3   Next: 94%
Magic:  0/4        EV: 11    Int: 17    God:    Ignis [*****.]
Gold:   124        SH:  0    Dex: 10    Spells: 2/4 levels left

rFire   + . .        n - +6 short sword
rCold   . . .        (no shield)
rNeg    . . .        h - +0 leather armour
rPois   .            (no helmet)
rElec   .            (no cloak)
rCorr   .            (no gloves)
SInv    .            (no boots)
Will    .....        i - amulet of regeneration
Stlth   ++           (no ring)
HPRegen 1.04/turn    (no ring)
MPRegen 0.09/turn

%: no passive effects
@: very slightly contaminated
A: thin skeletal structure 1, weakness stinger 1
a: Renounce Religion, Fiery Armour, Foxfire Swarm, Rising Flame


You were on level 4 of the Dungeon.
You worshipped Ignis.
Ignis was extremely pleased with you.
You visited 1 branch of the dungeon, and saw 6 of its levels.

You collected 124 gold pieces.

Inventory:

Hand Weapons
 a - a -1 falchion of flaming
 n - a +6 short sword (weapon)
Armour
 h - a +0 leather armour (worn)
Jewellery
 i - an amulet of regeneration (around neck)
Scrolls
 b - a scroll of fog {unknown}
 c - 5 scrolls of revelation
 d - a scroll of blinking {unknown}
 f - 2 scrolls of identify {unknown}
 g - 2 scrolls of enchant weapon {unknown}
 m - a scroll of enchant armour {unknown}
 o - a scroll of amnesia {unknown}
 r - a scroll of immolation {unknown}
 s - a scroll of poison {unknown}
Potions
 e - a potion of lignification {unknown}
 j - a potion of magic {unknown}
 k - 3 potions of heal wounds {unknown}
 l - a potion of degeneration {unknown}
 p - a potion of might {unknown}
 q - a potion of curing {unknown}


   Skills:
 + Level 3.6 Fighting
 + Level 0.4(2.0) Short Blades
 + Level 3.2 Long Blades
 + Level 0.3 Armour
 + Level 1.0 Dodging
 + Level 0.1 Stealth
 + Level 1.1 Spellcasting
 + Level 3.0 Fire Magic


You had 2 spell levels left.
You knew the following spells:

 Your Spells              Type           Power      Damage    Failure   Level
a - Scorch                Fire           22%        2d5       12%         2

Your spell library contained the following spells:

 Spells                   Type           Power      Damage    Failure   Level
 Static Discharge         Conj/Air       0%         2-2/arc   38%         2
 Airstrike                Air            0%         2d(0-16)  95%         4
 Summon Lightning Spire   Summ/Air       0%         N/A       95%         4


Dungeon Overview and Level Annotations

Branches:
Dungeon (6/15)
 Temple: D:4-7

Altars:
Dithmenos

Shops:
D:4 =

Annotations:
D:4 Menkaure


Innate Abilities, Weirdness & Mutations

You have a somewhat thin skeletal structure. (Dex +2, Stealth+)
You have a small tail.


Message History

You hit the endoplasm. You tail-slap the endoplasm.
You kill the endoplasm!
Found a scroll labelled HYFFYF OCABB.
Found an escape hatch in the floor.
s - a scroll labelled HYFFYF OCABB You hear the slow hiss of a very distant avalanche of sand.
Magic restored.
Menkaure, Prince of Dust comes into view.
Menkaure casts a spell at you. Pain shoots through your body!
Casting: Scorch (safe; 12% risk of failure)
Confirm with . or Enter, or press ? or * to list all spells.
Flames lash Menkaure.
Menkaure is burned terribly!
Menkaure is lightly damaged.
Menkaure's fire resistance burns away.
Menkaure gestures at you while chanting.
You barely resist.
Casting: Scorch (safe; 12% risk of failure)
Confirm with . or Enter, or press ? or * to list all spells.
You miscast Scorch.
You are very lightly contaminated with residual magic.
Nothing appears to happen.
Unknown command.
You hit Menkaure.
Menkaure is lightly damaged.
Menkaure is no longer more vulnerable to fire.
Menkaure hits you!
You barely miss Menkaure.
Menkaure is lightly damaged.
Menkaure blazes with dark energy!
Menkaure points at you and mumbles some strange words.
Pain shoots through your body!
* * * LOW HITPOINT WARNING * * *
You hit Menkaure.
Your tail-slap misses Menkaure.
Menkaure is heavily damaged.
You hit Menkaure.
Menkaure is heavily damaged.
Menkaure gestures at you while chanting.
Pain shoots through your body!
You die...

######## ##......#
#...###.#
#...###.#####
######.©.##.......
#...##############
#M.# #.©.#
############@# #...#
#...........## #.∩.#
........##.## #...#
............#####.©.#
..####.####.#.######
#.# #...##.©.# #.#
###.##...# #.#
#..##...# #.#
###..)#..##


You could see Menkaure.

Vanquished Creatures
  2 adders
  3 dart slugs
  An orc (D:4)
  4 endoplasms
  3 goblins
  4 hobgoblins
  4 jackals (D:5)
  A quokka (D:2)
  5 ball pythons
  4 bats
  2 kobolds (D:2)
  5 rats
38 creatures vanquished.

Notes
Turn   | Place    | Note
-------+----------+-------------------------------------------
     0 | D:1      | thirtiethelement the Demonspawn Cinder Acolyte began the
                  | quest for the Orb.
     0 | D:1      | Reached XP level 1. HP: 18/18 MP: 2/2
   336 | D:1      | Gained mutation: You have a somewhat thin skeletal
                  | structure. (Dex +2, Stealth+) [demonic ancestry]
   336 | D:1      | Reached XP level 2. HP: 23/24 MP: 3/3
   737 | D:2      | Found a shadowy altar of Dithmenos.
   755 | D:2      | Found a faded altar of an unknown god.
   792 | D:2      | Learned a level 2 spell: Scorch
   917 | D:2      | Gained mutation: You have a small tail. [demonic ancestry]
   917 | D:2      | Reached XP level 3. HP: 21/29 MP: 2/4
  1041 | D:2      | Reached skill level 1 in Dodging
  1573 | D:3      | You fall into a shaft and drop 3 floors!
  1579 | D:5      | Entered Level 5 of the Dungeon
  1658 | D:4      | Found a transporter.
  1658 | D:4      | Found Miyr's Jewellery Boutique.
  1660 | D:4      | Found a transporter.
  1719 | D:4      | Noticed Menkaure
  1726 | D:4      | Killed from afar by Menkaure

Illustrated notes

Levels and vault maps discovered:
D:1:      dpeg_arrival_round_b, layout_basic, nicolae_figureground_sparkle
D:2:      layout_loops_ring, basic_altar, ebering_ecumenical_altar_box
D:3:      cheibrodos_pilgrimage, layout_loops_ring, serial_shops,
          nicolae_shop_tiny_glass, corexii_shack, uniq_terence,
          uniq_crazy_yiuf_cottage
D:4:      minmay_evil_eye, layout_loops_ring, minmay_temple_entry_waves,
          gammafunk_ghost_arena, enter_ossuary_3, serial_shops,
          nicolae_shop_drivethru, uniq_menkaure
D:5:      layout_basic, serial_shops, nicolae_shop_tiny_glass, uniq_pikel
D:6:      layout_basic, uniq_duvessa

Skill      XL: |  1  2  3 |
---------------+----------+-----
Long Blades    | 3 |  3.2
Dodging        | 1 |  1.0
Fire Magic     | 3 |  3.0
Fighting       | |  3.6
Short Blades   | |  0.4
Armour         | |  0.3
Stealth        | |  0.1
Spellcasting   | |  1.1

Action                     || total
---------------------------++-------
  Melee: Falchion          ||    67
         Short sword       ||    29
         Tailslap          ||     3
   Cast: Scorch            ||     9
    Use: Scroll            ||     1
 Armour: Robe              ||     7
         Leather armour    ||    20
  Dodge: Dodged            ||    55

Table legend: (Time is in decaauts)
 A = Elapsed time spent in this place.
 B = Non-inter-level travel time spent in this place.
 C = Inter-level travel time spent in this place.
 D = Time resting spent in this place.
 E = Time spent auto-exploring this place.
 F = Levels seen in this place.
 G = Mean time per level.
                   A        B        C        D        E       F      G
               +--------+--------+--------+--------+--------+-----+--------+
         Total |   1732 |   1673 |     59 |      0 |   1322 |   6 |  288.7 |
       Dungeon |   1732 |   1673 |     59 |      0 |   1322 |   6 |  288.7 |
               +--------+--------+--------+--------+--------+-----+--------+

Top non-repeatable levels by time:
     D:2: 774 daAuts
     D:1: 743 daAuts
     D:4: 76 daAuts
     D:5: 67 daAuts
     D:3: 64 daAuts
     D:6: 5 daAuts
